 Dungeon Crawl Stone Soup version 0.26-a0-651-gb41185065b (webtiles) character file.

Game seed: 11062175781190329253

20 Lanoc the Caller (level 2, -3/20 HPs)
             Began as a Hill Orc Summoner on Oct 11, 2020.
             Slain by a hobgoblin
             ... wielding a +0 mace
              (8 damage)
             ... on level 3 of the Dungeon.
             The game lasted 00:01:28 (1273 turns).

Lanoc the Caller (Hill Orc Summoner)                Turns: 1273, Time: 00:01:29

Health: -3/20      AC:  2    Str: 10    XL:     2   Next: 79%
Magic:  2/4        EV: 12    Int: 15    God:
Gold:   33         SH:  0    Dex: 11    Spells: 1/4 levels left

rFire    . . .     SeeInvis .   d - +0 dagger (protect)
rCold    . . .     Faith    .   (no shield)
rNeg     . . .     Spirit   .   a - +0 robe
rPois    .         Reflect  .   (no helmet)
rElec    .         Harm     .   (no cloak)
rCorr    .         Rampage  .   (no gloves)
MR       .....                  (no boots)
Stlth    ++........             (no amulet)
HPRegen  0.06/turn              (no ring)
MPRegen  0.09/turn              (no ring)

@: berserk cooldown, slowed, very slow
A: no striking features
a: no special abilities


You were on level 3 of the Dungeon.
You visited 1 branch of the dungeon, and saw 3 of its levels.

You collected 33 gold pieces.

Inventory:

Hand Weapons
 d - a +0 dagger of protection (weapon)
Missiles
 g - 5 curare-tipped darts (quivered)
 i - 3 datura-tipped darts
Armour
 a - a +0 robe (worn)
Scrolls
 b - a scroll of blinking {unknown}
 c - a scroll of immolation {unknown}
 e - a scroll of remove curse {unknown}
 h - a scroll of enchant weapon {unknown}
Potions
 f - a potion of cancellation {unknown}


   Skills:
 + Level 2.0 Dodging
 - Level 1.5 Stealth
 - Level 1.5 Spellcasting
 * Level 4.5 Summonings


You had one spell level left.
You knew the following spells:

 Your Spells              Type           Power        Failure   Level
a - Summon Small Mammal   Summ           ##..         3%          1
b - Call Imp              Summ           ##......     5%          2

Your spell library contained the following spells:

 Spells                   Type           Power        Failure   Level
 Call Canine Familiar     Summ           ##......     11%         3
 Summon Guardian Golem    Hex/Summ       #.......     28%         3
 Summon Ice Beast         Ice/Summ       #.......     67%         4
 Summon Lightning Spire   Summ/Air       #.......     67%         4


Dungeon Overview and Level Annotations

Branches:
Dungeon (3/15)

Altars:
Nemelex Xobeh


Message History

The hobgoblin hits you with a +0 mace.
You hit the hobgoblin.
The hobgoblin is severely wounded.
The hobgoblin misses you.
You hit the hobgoblin but do no damage.
The hobgoblin is severely wounded.
The hobgoblin hits you but does no damage.
You barely miss the hobgoblin.
The hobgoblin is severely wounded.
The hobgoblin closely misses you. The hobgoblin hits you with a +0 mace.
You closely miss the hobgoblin.
The hobgoblin is severely wounded.
The hobgoblin hits you with a +0 mace.
* * * LOW HITPOINT WARNING * * *
You see here a datura-tipped dart.
Casting: Call Imp (safe; 5% risk of failure)
Confirm with . or Enter, or press ? or * to list all spells.
A metallic apparition takes form in the air.
The hobgoblin hits you with a +0 mace!
You die...

#. #. ..# #.# #..#
.. #..# #. #..# #.##
#.. #.†# #.#
####.#######.####.##
.......g@.5$(......#
####.#######.####..#
#.# #..# #.# #..#
#.. #).# ##.# #..#
.. #..# #.##..#
#.##..#


You could see a hobgoblin and a friendly iron imp (summoned).

Vanquished Creatures
  A dart slug (D:2)
  A bat (D:2)
  2 goblins (D:1)
  2 kobolds
  2 quokkas (D:2)
  A rat (D:3)
9 creatures vanquished.

Vanquished Creatures (collateral kills)
  An adder (D:2)
  A goblin (D:1)
  A kobold (D:1)
3 creatures vanquished.

Grand Total: 12 creatures vanquished

Notes
Turn   | Place    | Note
-------+----------+-------------------------------------------
     0 | D:1      | Lanoc the Hill Orc Summoner began the quest for the Orb.
     0 | D:1      | Reached XP level 1. HP: 14/14 MP: 3/3
   475 | D:2      | Reached XP level 2. HP: 19/20 MP: 2/4
   500 | D:2      | Learned a level 2 spell: Call Imp
   501 | D:2      | Found a sparkling altar of Nemelex Xobeh.
  1273 | D:3      | Slain by a hobgoblin

Illustrated notes

Levels and vault maps discovered:
D:1:      ebering_trefoil_3fold, layout_basic, serial_bayou_crossing
D:2:      layout_loops_corners, nicolae_dithmenos_shadow_blocks,
          nemelex_xobeh_ov_fountains_minmay, nicolae_gozag_seed_capital,
          chequers_ecumenical_altar_simple_redux, st_stairs_13
D:3:      layout_basic, yredelemnul_altar_generic, biasface_ghost_orc_armoury,
          uniq_sigmund

Skill      XL: |  1  2 |
---------------+-------+-----
Dodging        | 2 |  2.0
Stealth        | |  1.5
Spellcasting   | |  1.5
Summonings     | |  4.5

Action                   || total
-------------------------++-------
Melee: Unarmed           ||    22
       Dagger            ||    61
 Cast: Summon Small Mamm ||     8
       Call Imp          ||     5
 Stab: Distracted        ||     1
Armor: Robe              ||    23
Dodge: Dodged            ||    73

Table legend: (Time is in decaauts)
 A = Elapsed time spent in this place.
 B = Non-inter-level travel time spent in this place.
 C = Inter-level travel time spent in this place.
 D = Time resting spent in this place.
 E = Time spent auto-exploring this place.
 F = Levels seen in this place.
 G = Mean time per level.
                   A        B        C        D        E       F      G
               +--------+--------+--------+--------+--------+-----+--------+
         Total |   1273 |   1262 |     11 |      0 |   1065 |   3 |  424.3 |
       Dungeon |   1273 |   1262 |     11 |      0 |   1065 |   3 |  424.3 |
               +--------+--------+--------+--------+--------+-----+--------+

Top non-repeatable levels by time:
     D:2: 475 daAuts
     D:1: 457 daAuts
     D:3: 340 daAuts
